 Dungeon Crawl Stone Soup version 0.28.0-1-gb440e238dd (webtiles) character file.

Game seed: 4429438000913551882

184 Crownlay the Stinger (level 5, -2/35 HPs)
             Began as a Merfolk Venom Mage on Feb 20, 2022.
             Was an Initiate of Vehumet.
             Slain by an ice beast (14 damage)
             ... on level 4 of the Dungeon.
             The game lasted 00:11:10 (4177 turns).

Crownlay the Stinger (Merfolk Venom Mage)           Turns: 4177, Time: 00:11:10

Health: -2/35      AC:  3    Str:  8    XL:     5   Next: 63%
Magic:  1/9        EV: 13    Int: 20    God:    Vehumet [......]
Gold:   110        SH:  0    Dex: 14    Spells: 6/9 levels left

rFire   . . .      SeeInvis .   j - +0 short sword
rCold   . . .      Faith    .   (no shield)
rNeg    . . .      Spirit   .   a - +0 robe
rPois   .          Reflect  .   k - +0 hat {Int+3}
rElec   .          Harm     .   (no cloak)
rCorr   .          Rampage  .   g - +0 pair of gloves
Will    .....                   (no boots)
Stlth   ++........              (no amulet)
HPRegen 0.11/turn               (no ring)
MPRegen 0.11/turn               (no ring)

@: no status effects
A: (nimble swimmer 2), mertail
a: Renounce Religion


You were on level 4 of the Dungeon.
You worshipped Vehumet.
Vehumet was noncommittal.
You visited 2 branches of the dungeon, and saw 5 of its levels.

You collected 110 gold pieces.

Inventory:

Hand Weapons
 j - a +0 short sword (weapon)
Missiles
 e - 2 throwing nets
Armour
 a - a +0 robe (worn)
 g - a +0 pair of gloves (worn)
 k - a +0 hat of intelligence (worn)
Scrolls
 b - a scroll of fear
 c - 3 scrolls of teleportation
 d - a scroll of identify
 f - a scroll of fog
 h - a scroll of magic mapping {unknown}
Potions
 i - a potion of flight {unknown}


   Skills:
 + Level 4.0 Dodging
 + Level 3.4 Stealth
 + Level 2.9 Spellcasting
 + Level 3.4 Transmutations
 + Level 4.2 Poison Magic


You had 6 spell levels left.
You knew the following spells:

 Your Spells              Type           Power      Damage    Failure   Level
a - Sting                 Tmut/Pois      72%        1d6       3%          1
b - Poisonous Vapours     Pois/Air       22%        N/A       10%         2

Your spell library contained the following spells:

 Spells                   Type           Power      Damage    Failure   Level
 Ignite Poison            Fire/Tmut/Pois 13%        N/A       16%         3
 Mephitic Cloud           Conj/Pois/Air  8%         N/A       24%         3
 Olgreb's Toxic Radiance  Pois           19%        N/A       26%         4
 Conjure Flame            Conj/Fire      2%         6-21      41%         3
 Sticky Flame             Conj/Fire      2%         2d3       82%         4


Dungeon Overview and Level Annotations

Branches:
Dungeon (4/15)             Temple (1/1) D:4

Altars:
Ashenzari
Cheibriados
Dithmenos
Elyvilon
Gozag
Hepliaklqana
Kikubaaqudgha
Qazlal
Sif Muna
Uskayaw
Vehumet
Wu Jian
Xom
Yredelemnul
Zin
The Shining One


Innate Abilities, Weirdness & Mutations

((You are very nimble when in or above water. (Stealth+, EV+, Speed+++)))
Your lower body shifts to a powerful aquatic tail in water.


Message History

The orc wizard is almost dead.
You kill the orc wizard!
Vehumet accepts your kill.
Your Dodging skill increases to level 4!
You see here 23 stones.
The sting hits the ice beast but does no damage.
The ice beast is poisoned.
The ice beast hits you. The ice beast freezes you!
* * * LOW HITPOINT WARNING * * *
There is a fountain of clear blue water here.
The ice beast looks more healthy.
You are too injured to fight recklessly!
Casting: Sting (safe; 3% risk of failure)
Confirm with . or Enter, or press ? or * to list all spells.
Aiming: Sting (safe; 3% risk of failure)
Press: ? - help, Shift-Dir - straight line, f/p - ice beast
Aim: an ice beast (moderately wounded, 74% to hit)
You miscast Sting.
You are very lightly contaminated with residual magic.
Nothing appears to happen.
The ice beast completely misses you.
Your magical contamination has completely faded away.
Casting: Sting (safe; 3% risk of failure)
Confirm with . or Enter, or press ? or * to list all spells.
Aiming: Sting (safe; 3% risk of failure)
Press: ? - help, Shift-Dir - straight line, f/p - ice beast
Aim: an ice beast (moderately wounded, 74% to hit)
The sting hits the ice beast.
The ice beast partially resists.
The ice beast is heavily wounded.
The ice beast hits you but does no damage.
Casting: Sting (safe; 3% risk of failure)
Confirm with . or Enter, or press ? or * to list all spells.
Aiming: Sting (safe; 3% risk of failure)
Press: ? - help, Shift-Dir - straight line, f/p - ice beast
Aim: an ice beast (moderately wounded, 74% to hit)
You miscast Sting.
You are very lightly contaminated with residual magic.
Nothing appears to happen.
The ice beast completely misses you.
You see here 23 stones.
Your magical contamination has completely faded away.
The ice beast hits you. The ice beast freezes you!
You die...

######..####.(.#.##....######.
##........#.##...........
#.8.8.8....##....#######
#..⌠.⌠...####.#..# #.
#.8.>.8..# #.##.# ###.
#[.⌠.⌠...# #.##.# #...
#.8.8.8..# ##.##.# #...
#.......## #.. #.# #...
#####..@# #.# #.####...
##.Y####.###.#......
#.......#.....###..
..#####.(#...#..#.#####..
............)..........##
..####.....##.###.###..>.
#....####..##.# #.###
#.............# #Y#
#.#.<#####..... .)#


You could see an ice beast.

Vanquished Creatures
  A scorpion (D:4)
  An orc wizard (D:4)
  4 adders
  A worm (D:3)
  A dart slug (D:3)
  5 orcs
  8 endoplasms
  3 giant cockroaches
  6 goblins
  3 hobgoblins (D:1)
  6 quokkas
  4 ball pythons
  2 bats
  3 frilled lizards
  3 kobolds
  4 rats
55 creatures vanquished.

Vanquished Creatures (others)
  3 plants (D:2)
3 creatures vanquished.

Grand Total: 58 creatures vanquished

Notes
Turn   | Place    | Note
-------+----------+-------------------------------------------
     0 | D:1      | Crownlay the Merfolk Venom Mage began the quest for the
                  | Orb.
     0 | D:1      | Reached XP level 1. HP: 13/13 MP: 3/3
   247 | D:1      | Reached XP level 2. HP: 17/19 MP: 1/5
   786 | D:1      | Found a faded altar of an unknown god.
  1171 | D:2      | Reached XP level 3. HP: 24/24 MP: 4/6
  1174 | D:2      | Learned a level 2 spell: Poisonous Vapours
  2774 | D:3      | Reached XP level 4. HP: 30/30 MP: 3/7
  3595 | D:4      | Found a staircase to the Ecumenical Temple.
  3602 | D:4      | Noticed a scorpion
  3606 | Temple   | Entered the Ecumenical Temple
  3740 | Temple   | Became a worshipper of Vehumet
  3818 | D:4      | Killed a scorpion
  3819 | D:4      | Reached XP level 5. HP: 35/35 MP: 3/9
  4112 | D:4      | Noticed an ice beast
  4177 | D:4      | Slain by an ice beast

Illustrated notes

Levels and vault maps discovered:
D:1:      ncdulo_watergridlock, layout_loops_ring, basic_ecumenical_altar
D:2:      layout_basic, serial_forest, infiniplex_forest_side_room,
          infiniplex_forest_straight_4, infiniplex_forest_end_3,
          infiniplex_forest_3_way
D:3:      layout_basic, minivault_14
D:4:      layout_rooms, minmay_temple_entry_statues_fountains, st_stairs_11,
          minmay_manual_moon
Temple:   mainiacjoe_temple_hex_bubbles

Skill      XL: |  1  2  3  4  5 |
---------------+----------------+-----
Dodging        | 3 4 |  4.0
Transmutations | 2 3 |  3.4
Stealth        | 3 |  3.4
Poison Magic   | 4 |  4.2
Spellcasting   | |  2.9

Action                   |  1- 3 |  4- 6 || total
-------------------------+-------+-------++-------
Melee: Unarmed           |    23 |    17 ||    40
       Punch             |     1 |     1 ||     2
       Short sword       |       |     2 ||     2
 Cast: Sting             |    71 |    43 ||   114
       Poisonous Vapours |       |     3 ||     3
  Use: Scroll            |     2 |     1 ||     3
Armor: Robe              |     6 |     4 ||    10
Dodge: Dodged            |    21 |    19 ||    40
